 Dungeon Crawl Stone Soup version 0.27.1-37-g7b29ead8ac (console) character file.

Game seed: 4461362571426339105

3597 grimtooth the Cleaver (level 9, 0/73 HPs)
             Began as a Palentonga Abyssal Knight on Apr 22, 2023.
             Was an Elder of Lugonu.
             Slain by Grum (7 damage)
             ... on level 8 of the Dungeon.
             The game lasted 00:43:19 (11538 turns).

grimtooth the Cleaver (Palentonga Abyssal Knight)  Turns: 11538, Time: 00:43:19

Health: 0/73       AC: 14    Str: 17    XL:     9   Next: 85%
Magic:  8/10       EV:  9    Int: 14    God:    Lugonu [****..]
Gold:   109        SH:  0    Dex: 10    Spells: 7/8 levels left

rFire    . . .     SeeInvis +   b - +2 morningstar (drain)
rCold    . . .     Faith    +   (no shield)
rNeg     . . .     Spirit   .   H - +0 troll leather armour
rPois    .         Reflect  .   u - +0 helmet
rElec    .         Harm     .   k - +0 cloak
rCorr    .         Rampage  .   (no gloves)
Will     .....                  (no barding)
Stlth    +.........             l - amulet of faith
HPRegen  1.22/turn              o - ring of flight
MPRegen  0.12/turn              (no ring)

@: flying, curled up
A: large, rugged brown scales 3, see invisible, deformed body, roll 1, armoured
tail, reflexive curl
a: Rolling Charge, Renounce Religion, Depart the Abyss, Bend Space, Banish,
Corrupt


You were on level 8 of the Dungeon.
You worshipped Lugonu.
Lugonu was greatly pleased with you.
You visited 1 branch of the dungeon, and saw 8 of its levels.
You visited the Abyss 1 time.

You collected 257 gold pieces.
You spent 148 gold pieces at shops.

Inventory:

Hand Weapons
 a - a +0 war axe of freezing
 b - a +2 morningstar of draining (weapon)
 p - a +2 short sword of venom
 x - a +2 dagger of flaming
 I - a +1 hand axe
Missiles
 h - 108 stones (quivered)
 s - 4 boomerangs
 y - 13 sling bullets
 D - 3 throwing nets {=f}
 E - 4 silver boomerangs
 K - 3 poisoned darts
 L - 2 javelins
Armour
 k - a +0 cloak (worn)
 u - a +0 helmet (worn)
 H - a +0 troll leather armour (worn)
 M - a +0 robe of resistance
Jewellery
 l - an amulet of faith (around neck)
 o - a ring of flight (left hand)
Wands
 F - a wand of paralysis (3)
Scrolls
 c - 2 scrolls of fog
 f - a scroll of blinking
 g - a scroll of enchant armour {unknown}
 i - a scroll of torment {unknown}
 j - a scroll of teleportation
 m - a scroll of noise
 n - a scroll of amnesia
 q - 2 scrolls of identify {@r4}
 r - a scroll of vulnerability {unknown}
 t - a scroll of summoning
 v - a scroll of magic mapping {unknown}
 B - a scroll of silence
 C - 2 scrolls of brand weapon {unknown}
 G - a scroll of immolation {unknown}
Potions
 d - 2 potions of cancellation
 e - a potion of curing
 w - 2 potions of attraction
 z - a potion of haste
 A - 2 potions of flight
 J - a potion of heal wounds {unknown}


   Skills:
 - Level 6.0 Fighting
 - Level 8.1(9.6) Axes
 * Level 8.0(9.5) Maces & Flails
 - Level 1.5 Armour
 - Level 0.7 Dodging
 + Level 6.2 Earth Magic
 - Level 2.0 Invocations


You had 7 spell levels left.
You knew the following spells:

 Your Spells              Type           Power      Damage    Failure   Level
a - Sandblast             Erth           34%        2d9       2%          1

Your spell library contained the following spells:

 Spells                   Type           Power      Damage    Failure   Level
 Passwall                 Tmut/Erth      6%         N/A       14%         2
 Lee's Rapid Deconstruct  Erth           8%         3d8*      58%         5


Dungeon Overview and Level Annotations

Branches:
Dungeon (8/15)             Temple (0/1) D:6
   Lair: D:8-11

Altars:
Ashenzari
Vehumet
Xom
Yredelemnul
The Shining One

Shops:
D:2 ?   D:5 (:[   D:7 **

Annotations:
D:3 1 runed translucent door, Crazy Yiuf
D:4 exclusion: upstairs
D:6 1 runed translucent door, cbfl8's ghost, amateur MiDe
D:8 Grum


Innate Abilities, Weirdness & Mutations

You are completely covered in rugged brown scales. (AC +3, +7% HP)
You have supernaturally acute eyesight. (SInv)
Armour fits poorly on your strangely shaped body.
You can roll at nearby foes to attack.
You have a long armoured tail.
You curl defensively after being hit.


Message History

The wolf closely misses you. The wolf bites you. The wolf bites you.
The wolf bites you.
Press: ? - help, v - describe, . - travel
Here: Grum, wielding a +1 halberd and wearing a +0 animal skin The floor.
Aiming: Paralyse
Press: ? - help, Shift-Dir - straight line, f - Grum
Aim: Grum, wielding a +1 halberd and wearing a +0 animal skin (chance to affect: 54%)
Okay, then.
Press: ? - help, v - describe, . - travel
Here: a wolf (moderately wounded, lightly drained)
The floor.
The wolf closely misses you. The wolf bites you but does no damage.
The wolf bites you but does no damage. The wolf bites you.
Casting: Sandblast (safe; 2% risk of failure)
Confirm with . or Enter, or press ? or * to list all spells.
Aiming: Sandblast (safe; 2% risk of failure)
Press: ? - help, Shift-Dir - straight line, f - Grum
Aim: Grum, wielding a +1 halberd and wearing a +0 animal skin (82% to hit)
The blast of sand misses the wolf.
The blast of sand hits Grum but does no damage.
h - 108 stones The wolf bites you.
Grum hits you from afar with a +1 halberd!!
* * * LOW HITPOINT WARNING * * *
The wolf bites you.
* * * LOW HITPOINT WARNING * * *
Space bends around you!
You blink.
The centaur barely misses you.
The centaur kicks you but does no damage.
Grum hits you from afar with a +1 halberd!
* * * LOW HITPOINT WARNING * * *
You feel better. The centaur closely misses you.
The centaur kicks you but does no damage.
Grum hits you from afar with a +1 halberd!
You die...

......##....'.#.# #...#
.......#....#.#.# #...#
.......#....#.#.# #...#
##...#.#....#.#.###...#
##...#.###+##.#..#....#
##...# # #.#......[#
#...# ##.#..##...#
#...+ #.......#.##
#...# #....##...#
#....##########
#...#@cgh.....##. .
#...#.###ยง......# #
#...#.# #....=..# #
#####.###........ # .
##.#.......... # ...
#..#c######... #
....##..#g# .# ####
#.....#.# # #...
#.##....# #...
#.(.....### +..<
..#.....# #...


You could see Grum, a wolf (drained) and a centaur.

Vanquished Creatures
  Harold (D:7)
  A troll (D:6)
  A wyvern (D:7)
  2 sky beasts
  3 black bears
  A necrophage (D:7)
  A wolf (D:8)
  3 phantoms
  3 centaurs
  A kobold brigand (D:7)
  A bullfrog (D:8)
  A scorpion (D:5)
  A water moccasin skeleton (D:4)
  A howler monkey (D:6)
  3 jellies
  4 crimson imps
  2 centaur zombies
  A bullfrog zombie (D:6)
  2 hounds
  A centaur skeleton (D:6)
  6 orc priests
  2 iguanas
  Jessica (D:2)
  8 orc wizards
  2 killer bee zombies
  A hound skeleton (D:5)
  A howler monkey zombie (D:7)
  Robin (D:3)
  8 gnolls
  6 adders
  A shadow imp (D:7)
  A worm (D:5)
  19 orcs
  4 endoplasms
  2 giant cockroaches
  8 hobgoblins
  15 kobolds
  6 quokkas
  11 ball pythons
  4 bats
  5 frilled lizards
  18 goblins
  4 rats
168 creatures vanquished.

Notes
Turn   | Place    | Note
-------+----------+-------------------------------------------
     0 | Abyss:1  | grimtooth the Palentonga Abyssal Knight began the quest for
                  | the Orb.
     0 | Abyss:1  | Reached XP level 1. HP: 19/19 MP: 2/2
    39 | Abyss:1  | Noticed a large abomination
    41 | D:1      | Escaped the Abyss
   477 | D:1      | Reached XP level 2. HP: 25/25 MP: 3/3
   477 | D:1      | Found a faded altar of an unknown god.
   978 | D:1      | Reached XP level 3. HP: 31/31 MP: 4/4
  1528 | D:2      | Noticed Jessica
  1539 | D:2      | Reached ** piety under Lugonu
  1542 | D:2      | Killed Jessica
  1739 | D:2      | Reached XP level 4. HP: 37/37 MP: 5/5
  2073 | D:2      | Found Apnamyuvi's Magic Scroll Shoppe.
  2082 | D:2      | Bought a scroll of identify for 22 gold pieces
  2727 | D:3      | Found a basalt altar of Yredelemnul.
  2730 | D:3      | Found a broken altar of Ashenzari.
  2820 | D:3      | Noticed Robin
  2830 | D:2      | Reached skill level 5 in Axes
  3009 | D:3      | Killed Robin
  3148 | D:3      | You are sucked into a shaft and drop 1 floor!
  3209 | D:3      | Found a glowing golden altar of the Shining One.
  3209 | D:3      | Found a radiant altar of Vehumet.
  3256 | D:4      | Reached XP level 5. HP: 42/43 MP: 6/6
  3656 | D:3      | Reached *** piety under Lugonu
  3855 | D:3      | Learned a level 1 spell: Sandblast
  4025 | D:3      | Found a runed translucent door.
  4026 | D:3      | Noticed Crazy Yiuf
  4332 | D:4      | Noticed a phantom
  4603 | D:4      | Killed a phantom
  4604 | D:4      | Reached XP level 6. HP: 43/51 MP: 4/7
  5684 | D:4      | Found a shimmering altar of Xom.
  5783 | D:3      | Reached skill level 5 in Fighting
  5984 | D:2      | Bought a scroll of identify for 22 gold pieces
  5984 | D:2      | Bought a scroll of identify for 22 gold pieces
  5984 | D:2      | Bought a scroll of blinking for 82 gold pieces
  6195 | D:4      | Gained mutation: You curl defensively after being hit.
                  | [Palentonga growth]
  6195 | D:4      | Reached XP level 7. HP: 60/60 MP: 8/8
  6378 | D:5      | Entered Level 5 of the Dungeon
  6491 | D:5      | Reached skill level 1 in Earth Magic
  7129 | D:5      | Found Muonuruv's Book Boutique.
  7218 | D:5      | Found Ciupp's Antique Armour Boutique.
  7570 | D:5      | Reached XP level 8. HP: 58/68 MP: 9/9
  7827 | D:5      | Found Xeithrado's Antique Weapon Emporium.
  8387 | D:6      | Noticed a troll
  8444 | D:6      | Found a staircase to the Ecumenical Temple.
  9201 | D:6      | Reached skill level 1 in Maces & Flails
  9777 | D:6      | Paralysed by an orc for 4 turns
 10321 | D:6      | Found a runed translucent door.
 10339 | D:6      | Noticed cbfl8's ghost (amateur MiDe)
 10477 | D:6      | Killed a troll
 10478 | D:6      | Reached XP level 9. HP: 73/73 MP: 10/10
 10594 | D:7      | Noticed Harold
 10605 | D:7      | Killed Harold
 10606 | D:7      | Reached skill level 5 in Earth Magic
 10643 | D:7      | Reached **** piety under Lugonu
 10971 | D:7      | Found Ineporo's Specific Store.
 10974 | D:7      | Found Mokh's General Store.
 11361 | D:8      | Noticed Grum
 11400 | D:8      | Identified the +6 glaive "Qerealis" {vorpal, +Blink rCorr
                  | Str-5 SInv}
 11537 | D:8      | HP: 1/73 [Grum (13)]
 11538 | D:8      | Slain by Grum

Illustrated notes

Levels and vault maps discovered:
D:1:      dpeg_arrival_water_fire, layout_basic,
          shapermc_ecumenical_altar_mp_highgroup, serial_glass, glass_columns_a,
          glass_columns_c, glass_columns_b, glass_columns_a, glass_columns_b,
          glass_columns_a, glass_columns_b, glass_columns_a, glass_columns_c,
          glass_columns_a
D:2:      layout_basic, serial_shops, nicolae_shop_crystal, uniq_jessica
D:3:      layout_rooms, nicolae_overflow_hidden_temple,
          grunt_temple_overflow_open, minmay_misc_feat_plants, uniq_robin,
          uniq_crazy_yiuf_cottage
D:4:      wad_crossroads, layout_rooms, led_xom_imps
D:5:      layout_loops_corners, serial_shops, nicolae_shop_trees,
          nicolae_take_the_stairs, nicolae_lakefront_shop
D:6:      layout_basic, minmay_temple_entry_proselytizer,
          ebering_ghost_reflecting_pool
D:7:      layout_rooms, nicolae_specific_store, uniq_harold
D:8:      layout_basic, chequers_ossuary_entry_cave, chequers_garden, uniq_grum,
          uniq_joseph

Skill      XL: |  1  2  3  4  5  6  7  8  9 |
---------------+----------------------------+-----
Axes           | 3 4 5 6 7 8 |  8.1
Fighting       | 5 6 |  6.0
Earth Magic    | 2 4 6 |  6.2
Maces & Flails | 4 8 |  8.0
Armour         | |  1.5
Dodging        | |  0.7
Invocations    | |  2.0

Action                   |  1- 3 |  4- 6 |  7- 9 || total
-------------------------+-------+-------+-------++-------
Melee: Hand axe          |    91 |   228 |   239 ||   558
       Tailslap          |     7 |    35 |    38 ||    80
       Morningstar       |       |       |    68 ||    68
       War axe           |       |       |    32 ||    32
Throw: Stone             |       |    23 |     7 ||    30
 Cast: Sandblast         |       |       |    11 ||    11
Invok: Bend Space        |       |     7 |     8 ||    15
 Abil: Rolling Charge    |    15 |    26 |    32 ||    73
Evoke: Wand              |       |       |     1 ||     1
  Use: Scroll            |       |    10 |     6 ||    16
       Potion            |       |     5 |     1 ||     6
 Stab: Paralysed         |       |       |     8 ||     8
Armor: Leather armour    |    34 |    87 |    95 ||   216
       Troll leather arm |       |       |    58 ||    58
Dodge: Dodged            |    54 |   125 |   152 ||   331
